[Event "SVK Extraliga 2019-20"]
[Site "Slovakia"]
[Date "2019.10.20"]
[Round "1.1"]
[White "Balogh, Csaba"]
[Black "Sahidi, Samir"]
[Result "1-0"]
[ECO "B44"]
[WhiteElo "2587"]
[BlackElo "2374"]
[Annotator "ChessBase"]
[PlyCount "65"]
[EventDate "2019.10.19"]
[EventType "team-tourn"]
[EventCountry "SVK"]
[SourceTitle "playchess.com"]
[Source "ChessBase"]
[SourceQuality "1"]
[WhiteTeam "Modra"]
[BlackTeam "Bratislava"]
[WhiteTeamCountry "HUN"]
[BlackTeamCountry "SVK"]
[TimeControl "40/5400+30:1800+30"]

1. e4 c5 2. Nf3 Nc6 3. d4 cxd4 4. Nxd4 e6 5. Nb5 Nf6 6. Bf4 e5 7. Bg5 Bc5 8. N1c3 h6 9. Be3 Bb4 10. a3 Bxc3+ 11. Nxc3 d6 12. Qd2 Be6 13. O-O-O Ke7 14. f4 Bg4 15. Be2 Re8 16. Rhf1 Kf8 17. Bxg4 Nxg4 18. Bg1 Qh4 19. g3 Qh5 20. Qg2 exf4 21. gxf4 Rad8 22. Rd3 f5 23. Rd5 Ne7 24. Rb5 b6 25. h3 Nf6 26. Bd4 Qf7 27. Rg1 fxe4 28. Nxe4 Neg8 29. Nxf6 Nxf6 30. Bxf6 gxf6 31. Rb3 Rd7 32. Rg3 Qe6 33. f5 1-0

[Event "SVK Extraliga 2019-20"]
[Site "Slovakia"]
[Date "2019.10.19"]
[Round "1.1"]
[White "Balog, Imre"]
[Black "Vovk, Jurij"]
[Result "0-1"]
[ECO "A45"]
[WhiteElo "2566"]
[BlackElo "2572"]
[Annotator "ChessBase"]
[PlyCount "94"]
[EventDate "2019.10.19"]
[EventType "team-tourn"]
[EventCountry "SVK"]
[SourceTitle "playchess.com"]
[Source "ChessBase"]
[SourceQuality "1"]
[WhiteTeam "Podhajska"]
[BlackTeam "Kosice"]
[TimeControl "40/5400+30:1800+30"]

1. d4 Nf6 2. Bg5 e6 3. e4 h6 4. Bxf6 Qxf6 5. Nc3 Bb4 6. Nge2 d6 7. Qd3 c6 8. Ng3 e5 9. Nh5 Qg6 10. Be2 O-O 11. O-O Nd7 12. a3 Ba5 13. b4 Bb6 14. d5 Bd4 15. Ng3 Nf6 16. dxc6 bxc6 17. Rad1 d5 18. Bf3 Rd8 19. b5 cxb5 20. Nxd5 Nxd5 21. exd5 Qxd3 22. Rxd3 Rb8 23. Re1 Kf8 24. Rb3 a5 25. Reb1 Bd7 26. Ne4 f5 27. Nc3 Rdc8 28. Nxb5 a4 29. Rb4 Rxb5 30. Rxb5 Bxb5 31. Rxb5 Rxc2 32. Kf1 Ke7 33. Rb7+ Kd6 34. Rxg7 Rc1+ 35. Ke2 e4 36. Rg6+ Kxd5 37. Bh5 Rc2+ 38. Kd1 Ra2 39. Ra6 Rxf2 40. Bf7+ Ke5 41. g3 Bc3 42. Rxh6 e3 43. Re6+ Kd4 44. Bh5 Rd2+ 45. Kc1 Rxh2 46. Bd1 Kd3 47. Bxa4 Rh1+ 0-1

[Event "SVK Extraliga 2019-20"]
[Site "Slovakia"]
[Date "2019.10.19"]
[Round "1.1"]
[White "Pechac, Jergus"]
[Black "Krejci, Jan"]
[Result "0-1"]
[ECO "A45"]
[WhiteElo "2491"]
[BlackElo "2574"]
[Annotator "ChessBase"]
[PlyCount "120"]
[EventDate "2019.10.19"]
[EventType "team-tourn"]
[EventCountry "SVK"]
[SourceTitle "playchess.com"]
[Source "ChessBase"]
[SourceQuality "1"]
[WhiteTeam "Zilina"]
[BlackTeam "Prakovce"]
[TimeControl "40/5400+30:1800+30"]

1. d4 Nf6 2. Bf4 d5 3. e3 Bf5 4. c4 e6 5. Nc3 Bb4 6. Qb3 c5 7. dxc5 Nc6 8. a3 Bxc3+ 9. Qxc3 d4 10. Qc1 Ne4 11. b4 e5 12. Bg3 O-O 13. Nf3 Re8 14. Be2 Nc3 15. Qd2 Nxe2 16. Qxe2 dxe3 17. Qxe3 Bd3 18. Nxe5 Bxc4 19. Rd1 Qf6 20. Rd6 Nxe5 21. Rxf6 Nd3+ 22. Kd2 Rxe3 23. Rd6 Nxf2 24. Bxf2 Rxa3 25. Bd4 Ra2+ 26. Kc3 Bb5 27. Re1 Kf8 28. Rd1 Re8 29. Rd2 Rxd2 30. Kxd2 a6 31. Be3 f6 32. g4 Kf7 33. h4 Re4 34. Rd4 Re5 35. g5 Bc6 36. Rd6 Rf5 37. gxf6 gxf6 38. Bd4 h5 39. Ke3 Rf3+ 40. Ke2 Rf4 41. Ke3 Re4+ 42. Kd3 Rxh4 43. Rxf6+ Ke7 44. Rh6 Rh3+ 45. Kd2 Be4 46. Be5 Bc6 47. Bd4 Kf7 48. Rf6+ Kg8 49. Rh6 h4 50. Be5 Rh1 51. Ke3 h3 52. Kf2 Bg2 53. Kg3 Rb1 54. Kf4 Rf1+ 55. Kg5 Kf7 56. Bf4 Rb1 57. Bd2 Rb2 58. Bc3 Rb3 59. Bd2 Rd3 60. Be1 Rd5+ 0-1

[Event "SVK Extraliga 2019-20"]
[Site "Slovakia"]
[Date "2019.10.19"]
[Round "1.1"]
[White "Cernousek, Lukas"]
[Black "Papp, Gabor"]
[Result "0-1"]
[ECO "C11"]
[WhiteElo "2458"]
[BlackElo "2587"]
[Annotator "ChessBase"]
[PlyCount "52"]
[EventDate "2019.10.19"]
[EventType "team-tourn"]
[EventCountry "SVK"]
[SourceTitle "playchess.com"]
[Source "ChessBase"]
[SourceQuality "1"]
[WhiteTeam "Dubnica"]
[BlackTeam "Slovan"]
[TimeControl "40/5400+30:1800+30"]

1. d4 e6 2. e4 d5 3. Nc3 Nf6 4. e5 Nfd7 5. f4 c5 6. Nf3 Nc6 7. Be3 Be7 8. Qd2 O-O 9. dxc5 Qa5 10. a3 a6 11. O-O-O b6 12. cxb6 Bxa3 13. Nb1 Bb4 14. c3 Nc5 15. Qc2 Bd7 16. Kd2 Ne4+ 17. Ke1 Bc5 18. Bxc5 Qxc5 19. Bd3 Qe3+ 20. Qe2 Qxf4 21. Bxe4 dxe4 22. Rxd7 exf3 23. Qxf3 Qxe5+ 24. Kf2 Qb5 25. Qe3 Rab8 26. Na3 Qxb2+ 0-1

[Event "SVK Extraliga 2019-20"]
[Site "Slovakia"]
[Date "2019.10.19"]
[Round "1.1"]
[White "Petenyi, Tamas"]
[Black "Babula, Vlastimil"]
[Result "0-1"]
[ECO "A04"]
[WhiteElo "2427"]
[BlackElo "2559"]
[Annotator "ChessBase"]
[PlyCount "64"]
[EventDate "2019.10.19"]
[EventType "team-tourn"]
[EventCountry "SVK"]
[SourceTitle "playchess.com"]
[Source "ChessBase"]
[SourceQuality "1"]
[WhiteTeam "Streda"]
[BlackTeam "Humenne"]
[TimeControl "40/5400+30:1800+30"]

1. Nf3 c5 2. g3 Nc6 3. Bg2 g6 4. O-O Bg7 5. c4 e6 6. d3 Nge7 7. Nc3 d6 8. Bd2 h6 9. a3 O-O 10. Rb1 b6 11. b4 Bb7 12. Qc1 Kh7 13. b5 Na5 14. Nd1 Qc7 15. Bc3 Bxc3 16. Nxc3 d5 17. cxd5 exd5 18. e4 Rad8 19. h4 c4 20. Nxd5 Nxd5 21. exd5 Bxd5 22. dxc4 Nxc4 23. Rb4 Qc5 24. Re1 Rfe8 25. Rxe8 Rxe8 26. Nh2 Ne3 27. Qd2 Nxg2 28. Ng4 Re6 29. Qxh6+ Kg8 30. Qg5 Re1+ 31. Kh2 Rh1+ 32. Kxh1 Nxh4+ 0-1

[Event "SVK Extraliga 2019-20"]
[Site "Slovakia"]
[Date "2019.10.19"]
[Round "1.2"]
[White "Markos, Jan"]
[Black "Nemeth, Miklos"]
[Result "1-0"]
[ECO "E18"]
[WhiteElo "2572"]
[BlackElo "2488"]
[Annotator "ChessBase"]
[PlyCount "69"]
[EventDate "2019.10.19"]
[EventType "team-tourn"]
[EventCountry "SVK"]
[SourceTitle "playchess.com"]
[Source "ChessBase"]
[SourceQuality "1"]
[WhiteTeam "Humenne"]
[BlackTeam "Streda"]
[TimeControl "40/5400+30:1800+30"]

1. Nf3 Nf6 2. g3 b6 3. Bg2 Bb7 4. d4 e6 5. O-O Be7 6. c4 O-O 7. Nc3 Ne4 8. Bd2 d6 9. d5 Nxd2 10. Qxd2 e5 11. b4 a5 12. a3 Na6 13. Rab1 axb4 14. axb4 f5 15. Ne1 Bg5 16. f4 exf4 17. gxf4 Bf6 18. Nc2 Nb8 19. Nd4 Bxd4+ 20. Qxd4 Nd7 21. Ra1 Nf6 22. Rxa8 Bxa8 23. Qd3 Qe7 24. Nb5 Bb7 25. Qxf5 Qe3+ 26. Kh1 Qxe2 27. Qe6+ Qxe6 28. dxe6 Bxg2+ 29. Kxg2 Ra8 30. Nxc7 Rc8 31. Ra1 Ne8 32. Ra8 Rxa8 33. Nxa8 Kf8 34. Nxb6 Nc7 35. f5 1-0

[Event "SVK Extraliga 2019-20"]
[Site "Slovakia"]
[Date "2019.10.19"]
[Round "1.2"]
[White "Zilka, Stepan"]
[Black "Bernasek, Jan"]
[Result "1-0"]
[ECO "B10"]
[WhiteElo "2536"]
[BlackElo "2490"]
[Annotator "RC"]
[PlyCount "67"]
[EventDate "2019.10.19"]
[EventType "team-tourn"]
[EventCountry "SVK"]
[SourceTitle "playchess.com"]
[Source "ChessBase"]
[SourceQuality "1"]
[WhiteTeam "Prakovce"]
[BlackTeam "Zilina"]
[TimeControl "40/5400+30:1800+30"]

1. e4 c6 2. Nf3 d5 3. d3 dxe4 4. dxe4 Qxd1+ 5. Kxd1 Bg4 6. Nbd2 f6 7. Be2 e5 8. Ne1 Bxe2+ 9. Kxe2 Na6 10. Nd3 Nc5 11. Nxc5 Bxc5 12. a4 Ne7 13. Nb3 Bd6 14. Be3 Kd7 15. a5 Kc7 16. Rhd1 Ng6 17. g3 Rhd8 18. Rd3 Nf8 19. f4 exf4 20. gxf4 Ne6 21. f5 Nf8 22. Rad1 Be7 23. Bf4+ Kc8 24. Rxd8+ Bxd8 25. Bd6 Nd7 26. Rg1 Bc7 27. Be7 Bxh2 28. Rxg7 Rb8 29. Nd4 b5 30. Rxh7 Bg3 31. Nxc6 Rb7 32. Rh8+ Kc7 33. Nb4 Be5 34. c3 1-0

[Event "SVK Extraliga 2019-20"]
[Site "Slovakia"]
[Date "2019.10.19"]
[Round "1.2"]
[White "Vetoshko, Volodymyr"]
[Black "Chovan, Milan"]
[Result "1-0"]
[ECO "C50"]
[WhiteElo "2506"]
[BlackElo "2318"]
[Annotator "ChessBase"]
[PlyCount "61"]
[EventDate "2019.10.19"]
[EventType "team-tourn"]
[EventCountry "SVK"]
[SourceTitle "playchess.com"]
[Source "ChessBase"]
[SourceQuality "1"]
[WhiteTeam "Kosice"]
[BlackTeam "Podhajska"]
[TimeControl "40/5400+30:1800+30"]

1. e4 e5 2. Nf3 Nc6 3. Bc4 Nf6 4. d3 Be7 5. O-O O-O 6. Re1 d6 7. a4 Na5 8. Ba2 c5 9. c3 Nc6 10. Na3 Be6 11. Bxe6 fxe6 12. Nc2 Qd7 13. Ne3 d5 14. Qc2 Rad8 15. Bd2 Bd6 16. Rad1 Bb8 17. h3 Nh5 18. Ng4 d4 19. Ngh2 Bd6 20. cxd4 exd4 21. e5 Be7 22. Re4 g6 23. Ng4 Qd5 24. Bg5 Bxg5 25. Nxg5 Kg7 26. Qxc5 Qb3 27. Qc1 Ne7 28. Rde1 Rc8 29. Qd1 Qd5 30. Rxd4 Qc6 31. Rd6 1-0

[Event "SVK Extraliga 2019-20"]
[Site "Slovakia"]
[Date "2019.10.20"]
[Round "1.2"]
[White "Macko, Miroslav"]
[Black "Michalik, Peter"]
[Result "0-1"]
[ECO "B48"]
[WhiteElo "2303"]
[BlackElo "2578"]
[Annotator "ChessBase"]
[PlyCount "65"]
[EventDate "2019.10.19"]
[EventType "team-tourn"]
[EventCountry "SVK"]
[SourceTitle "playchess.com"]
[Source "ChessBase"]
[SourceQuality "1"]
[WhiteTeam "Bratislava"]
[BlackTeam "Modra"]
[WhiteTeamCountry "SVK"]
[BlackTeamCountry "CZE"]
[TimeControl "40/5400+30:1800+30"]

1. e4 c5 2. Nf3 e6 3. d4 cxd4 4. Nxd4 Nc6 5. Nc3 Qc7 6. Be3 a6 7. Be2 Nf6 8. a3 Be7 9. O-O O-O 10. f4 d6 11. Nxc6 bxc6 12. b4 Bb7 13. Bd3 Rfd8 14. Qe2 c5 15. bxc5 dxc5 16. e5 c4 17. Bxc4 Ng4 18. Qxg4 Qxc4 19. Ne2 g6 20. Ng3 Bc5 21. Bxc5 Qxc5+ 22. Rf2 Rd2 23. Raf1 Rad8 24. h3 Qe3 25. Nh1 Rxc2 26. Qh4 Rd4 27. Qe7 Bc6 28. Qh4 h5 29. Kh2 Rdd2 30. Rxd2 Rxd2 31. Rf2 Rd1 32. Rc2 Qg1+ 33. Kg3 0-1

[Event "SVK Extraliga 2019-20"]
[Site "Slovakia"]
[Date "2019.10.20"]
[Round "1.3"]
[White "Kozak, Adam"]
[Black "Rohacek, Miroslav"]
[Result "1-0"]
[ECO "A09"]
[WhiteElo "2512"]
[BlackElo "2222"]
[Annotator "ChessBase"]
[PlyCount "67"]
[EventDate "2019.10.19"]
[EventType "team-tourn"]
[EventCountry "SVK"]
[SourceTitle "playchess.com"]
[Source "ChessBase"]
[SourceQuality "1"]
[WhiteTeam "Modra"]
[BlackTeam "Bratislava"]
[WhiteTeamCountry "HUN"]
[BlackTeamCountry "SVK"]
[TimeControl "40/5400+30:1800+30"]

1. Nf3 d5 2. c4 d4 3. b4 c5 4. g3 cxb4 5. a3 b3 6. Qxb3 Nc6 7. Bg2 Nf6 8. O-O e5 9. d3 Be7 10. Bg5 Nd7 11. Bxe7 Qxe7 12. Nbd2 Nc5 13. Qb5 Bd7 14. Nb3 Nxb3 15. Qxb3 b6 16. Ne1 Rc8 17. Nc2 O-O 18. Rfe1 Qc5 19. Nb4 Na5 20. Qa2 Be6 21. Qb2 Rfd8 22. Rab1 Qd6 23. Rec1 h5 24. Na6 Nc6 25. c5 bxc5 26. Nxc5 Ne7 27. Nxe6 Qxe6 28. Qb7 Rxc1+ 29. Rxc1 Rd7 30. Qb8+ Kh7 31. Rc5 f6 32. Be4+ g6 33. Qe8 f5 34. Rc6 1-0

[Event "SVK Extraliga 2019-20"]
[Site "Slovakia"]
[Date "2019.10.19"]
[Round "1.3"]
[White "Jurcik, Marian"]
[Black "Manik, Mikulas"]
[Result "1/2-1/2"]
[ECO "B51"]
[WhiteElo "2486"]
[BlackElo "2371"]
[Annotator "ChessBase"]
[PlyCount "76"]
[EventDate "2019.10.19"]
[EventType "team-tourn"]
[EventCountry "SVK"]
[SourceTitle "playchess.com"]
[Source "ChessBase"]
[SourceQuality "1"]
[WhiteTeam "Zilina"]
[BlackTeam "Prakovce"]
[TimeControl "40/5400+30:1800+30"]

1. e4 c5 2. Nf3 d6 3. Bb5+ Nd7 4. O-O a6 5. Bd3 Ngf6 6. Re1 e6 7. c3 b5 8. Bc2 Bb7 9. d4 Be7 10. Nbd2 O-O 11. e5 dxe5 12. dxe5 Nd5 13. Ne4 c4 14. Ng3 Nc5 15. Qd4 Nd3 16. Bxd3 cxd3 17. Qxd3 Nb6 18. Qe2 Rc8 19. Be3 Na4 20. Rad1 Qc7 21. Bd4 Rfd8 22. a3 Qc6 23. Nh5 Qc4 24. Qd2 Qb3 25. Rb1 a5 26. Qf4 Qc2 27. Qg3 Qg6 28. Qh3 Be4 29. Nf4 Qf5 30. Qxf5 Bxf5 31. Ra1 Nxb2 32. Bb6 Rd7 33. Bxa5 Bc5 34. Bb4 Bb6 35. h3 Na4 36. g4 Bg6 37. Kg2 Nxc3 38. Rac1 Rdc7 1/2-1/2

[Event "SVK Extraliga 2019-20"]
[Site "Slovakia"]
[Date "2019.10.19"]
[Round "1.3"]
[White "Roubalik, Jakub"]
[Black "Ftacnik, Lubomir"]
[Result "0-1"]
[ECO "A45"]
[WhiteElo "2410"]
[BlackElo "2520"]
[Annotator "ChessBase"]
[PlyCount "68"]
[EventDate "2019.10.19"]
[EventType "team-tourn"]
[EventCountry "SVK"]
[SourceTitle "playchess.com"]
[Source "ChessBase"]
[SourceQuality "1"]
[WhiteTeam "Dubnica"]
[BlackTeam "Slovan"]
[TimeControl "40/5400+30:1800+30"]

1. d4 Nf6 2. Bg5 Ne4 3. Bf4 d5 4. e3 Bf5 5. f3 Nd6 6. Nc3 e6 7. Bd3 Bg6 8. Nge2 Nd7 9. e4 c6 10. O-O Be7 11. Kh1 O-O 12. Bg3 dxe4 13. fxe4 c5 14. e5 Nf5 15. Bxf5 Bxf5 16. d5 Bg5 17. d6 Nb6 18. b3 Rc8 19. Bf4 Nd7 20. Qd2 Bxf4 21. Qxf4 Bxc2 22. Ng3 Bg6 23. h4 f6 24. h5 Bd3 25. Rfe1 Nxe5 26. Rad1 c4 27. Rxe5 fxe5 28. Qxe5 Qf6 29. Qxf6 gxf6 30. bxc4 Bxc4 31. Nge4 f5 32. Ng5 Rfd8 33. Nf3 Rc5 34. Rd4 Bd5 0-1

[Event "SVK Extraliga 2019-20"]
[Site "Slovakia"]
[Date "2019.10.19"]
[Round "1.3"]
[White "Rigo, Zsolt"]
[Black "Kriebel, Tadeas"]
[Result "1-0"]
[ECO "C84"]
[WhiteElo "2396"]
[BlackElo "2528"]
[Annotator "ChessBase"]
[PlyCount "85"]
[EventDate "2019.10.19"]
[EventType "team-tourn"]
[EventCountry "SVK"]
[SourceTitle "playchess.com"]
[Source "ChessBase"]
[SourceQuality "1"]
[WhiteTeam "Streda"]
[BlackTeam "Humenne"]
[TimeControl "40/5400+30:1800+30"]

1. e4 e5 2. Nf3 Nc6 3. Bb5 a6 4. Ba4 Nf6 5. O-O Be7 6. d3 b5 7. Bb3 d6 8. Bd2 Bg4 9. h3 Bxf3 10. Qxf3 Nd4 11. Qd1 O-O 12. Bc3 Ne6 13. a3 c5 14. Re1 Qb6 15. Nd2 Rfc8 16. Ba2 Qb7 17. Nf1 c4 18. Ng3 g6 19. dxc4 bxc4 20. Qe2 Qc6 21. Rad1 a5 22. Nf1 Nf4 23. Qf3 Nd7 24. Ne3 Nb6 25. h4 Bxh4 26. g3 Nh3+ 27. Kh2 Ng5 28. Qg2 Qxe4 29. Qxe4 Bxg3+ 30. fxg3 Nxe4 31. Nd5 Nxd5 32. Rxe4 Nf6 33. Rxc4 Rxc4 34. Bxc4 Ng4+ 35. Kg1 Ne3 36. Bd5 Rb8 37. Rd3 Nxc2 38. Rf3 Rf8 39. Rf6 Kg7 40. Rxd6 f6 41. Bxa5 Ne3 42. Rd7+ Kh8 43. Be6 1-0

[Event "SVK Extraliga 2019-20"]
[Site "Slovakia"]
[Date "2019.10.19"]
[Round "1.3"]
[White "Jakab, Bela"]
[Black "Nayhebaver, Martin"]
[Result "0-1"]
[ECO "E29"]
[WhiteElo "2244"]
[BlackElo "2481"]
[Annotator "ChessBase"]
[PlyCount "86"]
[EventDate "2019.10.19"]
[EventType "team-tourn"]
[EventCountry "SVK"]
[SourceTitle "playchess.com"]
[Source "ChessBase"]
[SourceQuality "1"]
[WhiteTeam "Podhajska"]
[BlackTeam "Kosice"]
[TimeControl "40/5400+30:1800+30"]

1. d4 Nf6 2. c4 e6 3. Nc3 Bb4 4. e3 O-O 5. Bd3 c5 6. a3 Bxc3+ 7. bxc3 d6 8. Nf3 Nc6 9. e4 cxd4 10. cxd4 e5 11. d5 Nb8 12. O-O Nfd7 13. Be3 Na6 14. g3 Ndc5 15. Nh4 Bh3 16. Re1 Rc8 17. f3 b6 18. Ra2 Rc7 19. Rf2 Re8 20. Bc2 Bc8 21. Nf5 Bxf5 22. exf5 Nb8 23. f4 Nbd7 24. fxe5 Rxe5 25. Bd4 Rxe1+ 26. Qxe1 f6 27. g4 Ne5 28. Bxe5 Re7 29. Re2 Rxe5 30. Rxe5 fxe5 31. h4 b5 32. cxb5 Qb6 33. Qf1 Nd3+ 34. Kh2 Nf4 35. Be4 Qe3 36. Bg2 Qd2 37. g5 e4 38. a4 Nxg2 39. Kg3 Ne3 40. Qh3 Nc4 41. Qg4 Qe1+ 42. Kh2 Ne5 43. Qh5 g6 0-1

[Event "SVK Extraliga 2019-20"]
[Site "Slovakia"]
[Date "2019.10.19"]
[Round "1.4"]
[White "Malinovsky, Karel"]
[Black "Motuz, Karol"]
[Result "1/2-1/2"]
[ECO "C60"]
[WhiteElo "2478"]
[BlackElo "2359"]
[Annotator "ChessBase"]
[PlyCount "89"]
[EventDate "2019.10.19"]
[EventType "team-tourn"]
[EventCountry "SVK"]
[SourceTitle "playchess.com"]
[Source "ChessBase"]
[SourceQuality "1"]
[WhiteTeam "Slovan"]
[BlackTeam "Dubnica"]
[TimeControl "40/5400+30:1800+30"]

1. e4 e5 2. Nf3 Nc6 3. Bb5 a6 4. Ba4 Nf6 5. O-O Nxe4 6. d4 b5 7. Bb3 d5 8. dxe5 Be6 9. Nbd2 Nc5 10. c3 Be7 11. Bc2 d4 12. Nb3 d3 13. Nxc5 dxc2 14. Qxd8+ Rxd8 15. Nxe6 fxe6 16. Be3 Rd5 17. Rfc1 Nxe5 18. Nxe5 Rxe5 19. Rxc2 Kf7 20. c4 b4 21. Rd1 Rd8 22. Rxd8 Bxd8 23. Kf1 Bg5 24. Ba7 Ra5 25. b3 Ra3 26. f4 Be7 27. Be3 Ra5 28. Ke2 Rh5 29. h3 e5 30. Rd2 exf4 31. Bxf4 c6 32. Kf3 Ke6 33. Re2+ Kd7 34. Re5 Rxe5 35. Bxe5 g6 36. Ke4 Ke6 37. Bd4 c5 38. Be3 Bf8 39. Bc1 Bd6 40. a3 bxa3 41. Bxa3 h5 42. Bc1 Bf8 43. Bf4 Be7 44. g4 hxg4 45. hxg4 {[%emt 0:00:00] Ke5+} 1/2-1/2

[Event "SVK Extraliga 2019-20"]
[Site "Slovakia"]
[Date "2019.10.19"]
[Round "1.4"]
[White "Mrva, Martin"]
[Black "Bagi, Mate"]
[Result "0-1"]
[ECO "C55"]
[WhiteElo "2401"]
[BlackElo "2461"]
[Annotator "ChessBase"]
[PlyCount "126"]
[EventDate "2019.10.19"]
[EventType "team-tourn"]
[EventCountry "SVK"]
[SourceTitle "playchess.com"]
[Source "ChessBase"]
[SourceQuality "1"]
[WhiteTeam "Humenne"]
[BlackTeam "Streda"]
[TimeControl "40/5400+30:1800+30"]

1. e4 e5 2. Nf3 Nc6 3. Bc4 Nf6 4. d3 h6 5. Nc3 d6 6. a4 g5 7. Nd5 Bg7 8. h4 g4 9. Nh2 Nxd5 10. exd5 Ne7 11. Nxg4 f5 12. Nh2 O-O 13. d4 e4 14. g3 Qe8 15. c3 Qf7 16. Qb3 b6 17. Nf1 Bb7 18. Ne3 f4 19. gxf4 Qxf4 20. Qc2 Ng6 21. Rg1 Qf7 22. Ng4 Kh7 23. Be3 Bxd5 24. Bxd5 Qxd5 25. O-O-O Rae8 26. Rg3 Nf4 27. Rdg1 Nh5 28. R3g2 Rf7 29. Kb1 Qf5 30. Nh2 c5 31. Nf1 cxd4 32. cxd4 Rc8 33. Qb3 d5 34. Ka2 Rc6 35. Nd2 Rfc7 36. Nb1 Rc4 37. Nc3 Rd7 38. Qd1 Qf3 39. Qxf3 exf3 40. Rg4 Rc6 41. Kb3 Rf6 42. Kc2 Rf5 43. Kd3 Bf6 44. Rh1 a6 45. Rhg1 Rf7 46. Nb1 Bg7 47. Nc3 Rb7 48. Kc2 Rc7 49. Kb3 Rcf7 50. Rg6 R7f6 51. R6g4 Re6 52. Na2 Bh8 53. Nb4 Nf6 54. R4g3 Rxe3+ 55. fxe3 f2 56. Nxa6 Rf3 57. Rf1 Rxg3 58. Rxf2 Rxe3+ 59. Kb4 Ne4 60. Rf5 Bxd4 61. Rxd5 Bxb2 62. h5 Nf6 63. Rd6 Ba3+ 0-1

[Event "SVK Extraliga 2019-20"]
[Site "Slovakia"]
[Date "2019.10.19"]
[Round "1.4"]
[White "Hausner, Ivan"]
[Black "Smolen, Jan"]
[Result "1/2-1/2"]
[ECO "D30"]
[WhiteElo "2382"]
[BlackElo "2419"]
[Annotator "RC"]
[PlyCount "32"]
[EventDate "2019.10.19"]
[EventType "team-tourn"]
[EventCountry "SVK"]
[SourceTitle "playchess.com"]
[Source "ChessBase"]
[SourceQuality "1"]
[WhiteTeam "Liptovska"]
[BlackTeam "Dunajov"]
[TimeControl "40/5400+30:1800+30"]

1. d4 d5 2. c4 e6 3. Nf3 c6 4. g3 dxc4 5. Bg2 b5 6. a4 Bb7 7. Ne5 a6 8. Nc3 Bb4 9. O-O Nf6 10. axb5 axb5 11. Rxa8 Bxa8 12. Nxb5 cxb5 13. Bxa8 O-O 14. Bf3 Qb6 15. Bg5 Nfd7 16. Nxd7 Nxd7 1/2-1/2

[Event "SVK Extraliga 2019-20"]
[Site "Slovakia"]
[Date "2019.10.19"]
[Round "1.4"]
[White "Szustakowski, Antoni"]
[Black "Petrik, Tomas"]
[Result "0-1"]
[ECO "E20"]
[WhiteElo "2300"]
[BlackElo "2462"]
[Annotator "ChessBase"]
[PlyCount "72"]
[EventDate "2019.10.19"]
[EventType "team-tourn"]
[EventCountry "SVK"]
[SourceTitle "playchess.com"]
[Source "ChessBase"]
[SourceQuality "1"]
[WhiteTeam "Prakovce"]
[BlackTeam "Zilina"]
[TimeControl "40/5400+30:1800+30"]

1. d4 e6 2. c4 Nf6 3. Nc3 Bb4 4. f3 d5 5. a3 Be7 6. e4 dxe4 7. fxe4 e5 8. d5 Bc5 9. Nf3 Bg4 10. h3 Bxf3 11. Qxf3 Nbd7 12. Bd3 O-O 13. Bg5 Bd4 14. Bc2 c6 15. Rf1 Rc8 16. d6 Qb6 17. O-O-O Qc5 18. Ne2 Qxd6 19. Ng3 c5 20. Nf5 Qb6 21. b3 Kh8 22. Bd2 Qe6 23. Bd3 b5 24. Kb1 Nb6 25. Rc1 Rb8 26. Ka2 bxc4 27. Bxc4 Nxc4 28. Rxc4 Rb6 29. Bg5 Rfb8 30. Nxd4 cxd4 31. Bxf6 gxf6 32. Rb1 Rxb3 33. Rxb3 Qxc4 34. Qxf6+ Kg8 35. Qg5+ Kf8 36. Qh6+ Ke8 0-1

[Event "SVK Extraliga 2019-20"]
[Site "Slovakia"]
[Date "2019.10.19"]
[Round "1.4"]
[White "Mosesov, Danylo"]
[Black "Likavsky, Tomas"]
[Result "0-1"]
[ECO "A53"]
[WhiteElo "2290"]
[BlackElo "2423"]
[Annotator "NA"]
[PlyCount "124"]
[EventDate "2019.10.19"]
[EventType "team-tourn"]
[EventCountry "SVK"]
[SourceTitle "playchess.com"]
[Source "ChessBase"]
[SourceQuality "1"]
[WhiteTeam "Kosice"]
[BlackTeam "Podhajska"]
[TimeControl "40/5400+30:1800+30"]

1. d4 Nf6 2. c4 d6 3. Nc3 Nbd7 4. e4 e5 5. d5 Nc5 6. f3 a5 7. Be3 h5 8. Qd2 Be7 9. O-O-O h4 10. Kb1 Bd7 11. Nge2 b6 12. Nc1 Nh7 13. Be2 Bg5 14. g3 Bxe3 15. Qxe3 Qg5 16. f4 Qh6 17. Bf3 Nf6 18. Qe2 Kf8 19. fxe5 dxe5 20. Nd3 Nxd3 21. Qxd3 Ne8 22. gxh4 Qxh4 23. c5 bxc5 24. Qe3 Qe7 25. h4 a4 26. a3 Rh6 27. h5 Rb8 28. Rd2 Qd6 29. Rc1 c4 30. Ka2 Qb6 31. Re1 Nd6 32. Bd1 Qxe3 33. Rxe3 Ra8 34. Rg2 f6 35. Reg3 Rh7 36. Rf2 Be8 37. Rfg2 c6 38. Bc2 cxd5 39. exd5 f5 40. Rg5 e4 41. Rf2 Rxh5 42. Rxh5 Bxh5 43. Nxe4 Nxe4 44. Bxe4 g6 45. Bg2 Bd1 46. Kb1 Bb3 47. Kc1 Rd8 48. Rf4 Ke7 49. Kd2 Rh8 50. Kc3 Rh2 51. Rf2 Kd6 52. Re2 Kc5 53. Rd2 Kd6 54. Re2 g5 55. Kd4 c3 56. bxc3 Bxd5 57. Bf1 Rh4+ 58. Ke3 f4+ 59. Kd2 Bc4 60. Rf2 Kc5 61. Bd3 Bxd3 62. Kxd3 Rh3+ {[%emt 0:00:08] Kd4+} 0-1

[Event "SVK Extraliga 2019-20"]
[Site "Slovakia"]
[Date "2019.10.20"]
[Round "1.4"]
[White "Lintner, Igor"]
[Black "Maslik, Miroslav"]
[Result "1/2-1/2"]
[ECO "B07"]
[WhiteElo "2187"]
[BlackElo "2363"]
[Annotator "ChessBase"]
[PlyCount "85"]
[EventDate "2019.10.19"]
[EventType "team-tourn"]
[EventCountry "SVK"]
[SourceTitle "playchess.com"]
[Source "ChessBase"]
[SourceQuality "1"]
[WhiteTeam "Bratislava"]
[BlackTeam "Modra"]
[WhiteTeamCountry "SVK"]
[BlackTeamCountry "SVK"]
[TimeControl "40/5400+30:1800+30"]

1. d4 Nf6 2. Bf4 d6 3. Nc3 c6 4. e4 Qa5 5. f3 e5 6. Be3 Nbd7 7. Qd2 Be7 8. g4 O-O 9. Nge2 d5 10. g5 Nh5 11. Ng3 Nxg3 12. hxg3 exd4 13. Qh2 h6 14. gxh6 g6 15. h7+ Kh8 16. Bxd4+ Bf6 17. Bxf6+ Nxf6 18. Qh6 Be6 19. Qf4 Kg7 20. O-O-O dxe4 21. fxe4 g5 22. Qe3 Qe5 23. Bh3 Bxh3 24. Rxh3 Nxh7 25. Rf1 Rfe8 26. g4 Rad8 27. Rhf3 f6 28. Qxa7 Rd7 29. Qf2 Re6 30. Rd3 Red6 31. Rxd6 Rxd6 32. Qb6 Rd7 33. Qe3 Nf8 34. Rf5 Qh2 35. b3 Ng6 36. e5 Nxe5 37. Ne4 Nxg4 38. Qf3 Qg1+ 39. Kb2 Rd1 40. Nxg5 Qd4+ 41. Ka3 Qa7+ 42. Kb2 Qd4+ 43. Ka3 1/2-1/2

[Event "SVK Extraliga 2019-20"]
[Site "Slovakia"]
[Date "2019.10.19"]
[Round "1.5"]
[White "Druska, Juraj"]
[Black "Mikrut, Dariusz"]
[Result "1/2-1/2"]
[ECO "B72"]
[WhiteElo "2472"]
[BlackElo "2384"]
[Annotator "ChessBase"]
[PlyCount "23"]
[EventDate "2019.10.19"]
[EventType "team-tourn"]
[EventCountry "SVK"]
[SourceTitle "playchess.com"]
[Source "ChessBase"]
[SourceQuality "1"]
[WhiteTeam "Zilina"]
[BlackTeam "Prakovce"]
[TimeControl "40/5400+30:1800+30"]

1. e4 c5 2. Nf3 d6 3. d4 cxd4 4. Nxd4 Nf6 5. Nc3 a6 6. Bd3 g6 7. f3 Bg7 8. Be3 Nc6 9. Qd2 Ne5 10. O-O-O O-O 11. Kb1 Bd7 12. h4 1/2-1/2